 Dungeon Crawl Stone Soup version 0.30.1 (webtiles) character file.

Game seed: 4999562486605566045

199 cdecastro the Magician (level 6, -1/43 (45) HPs)
             Began as a Djinni Ice Elementalist on July 8, 2023.
             Slain by an orc
             ... wielding a +0 trident
              (4 damage)
             ... on level 4 of the Dungeon.
             The game lasted 00:06:06 (3068 turns).

cdecastro the Magician (Djinni Ice Elementalist)    Turns: 3068, Time: 00:06:07

HP:   -1/43 (45)    AC:  9    Str:  7    XL:     6   Next: 6%
Gold: 130           EV: 12    Int: 18    God:
                    SH:  0    Dex: 14

rFire   + + .        a - +0 spear (venom)
rCold   x . .        (no shield)
rNeg    . . .        h - +0 robe
rPois   ∞            q - +0 helmet
rElec   .            (no cloak)
rCorr   .            (no gloves)
SInv    .            (boots unavailable)
Will    .....        (no amulet)
Stlth   ++           (no ring)
HPRegen 0.27/turn    (no ring)
MPRegen 0.00/turn

%: infuse magic (-2 HP)
@: ice-armoured, freezing walls, flying, lightly drained
A: sickness immunity, fire resistance 2, cold vulnerability 1, float, innate
caster, HP casting, extra vitality 1
a: no special abilities


You were on level 4 of the Dungeon.
You visited 1 branch of the dungeon, and saw 4 of its levels.

You collected 130 gold pieces.

Inventory:

Hand Weapons
 a - a +0 spear of venom (weapon)
Missiles
 l - 6 poisoned darts
Armour
 h - a +0 robe (worn)
 o - an orb of guile
 q - a +0 helmet (worn)
Magical Staves
 b - a staff of cold
 c - a staff of poison
 i - a staff of air
Jewellery
 p - a ring of ice
 t - a ring of ice
Wands
 v - a wand of charming (7)
Scrolls
 d - 2 scrolls of magic mapping {unknown}
 e - a scroll of identify {unknown}
 j - 2 scrolls of teleportation {unknown}
 m - a scroll of silence {unknown}
 n - a scroll of brand weapon {unknown}
 r - a scroll of vulnerability {unknown}
 s - a scroll of fear {unknown}
Potions
 f - 2 potions of curing {unknown}
 g - 2 potions of cancellation {unknown}
 k - 3 potions of lignification {unknown}
 u - a potion of degeneration {unknown}
 w - a potion of brilliance {unknown}


   Skills:
 + Level 2.9 Fighting
 - Level 2.1 Dodging
 - Level 1.5 Stealth
 * Level 4.7 Spellcasting


You knew the following spells:

 Your Spells              Type           Power      Damage    Failure   Level
a - Freeze                Ice            84%        1d9       1%          1
b - Frozen Ramparts       Ice            42%        1d7       6%          3
c - Ozocubu's Armour      Ice            21%        N/A       6%          3
d - Summon Ice Beast      Ice/Summ       21%        N/A       19%         4
e - Kiss of Death         Conj/Necr      84%        2d11      1%          1
f - Lesser Beckoning      Tloc           42%        N/A       3%          2
Your spell library was empty.

Dungeon Overview and Level Annotations

Branches:
Dungeon (4/15)
 Temple: D:4-7

Altars:
Fedhas
Trog

Shops:
D:3 [

Annotations:
D:4 Edmund


Innate Abilities, Weirdness & Mutations

You are immune to sickness and miasma.
You are immune to poison.
Your flesh is very heat resistant. (rF++)
You are vulnerable to cold. (rC-)
You float through the air rather than walking.
You learn spells naturally, not from books.
Your magical power is your life essence.
You have superior vitality. (+4 MHP)


Message History

The orc wizard mumbles some strange words.
The orc wizard flickers and vanishes!
Deactivating autopickup; reactivate with Ctrl-A.
A puff of flame appears from out of thin air!
The puff of flame hits you. You resist.
There is a stone staircase leading up here.
Edmund says, "A flail is better than a scythe, any day of the week!"
You can't go up here!
Unknown command.
Unknown command.
The orc barely misses you. The orc barely misses you.
Edmund hits you with a +2 dire flail of draining!
Casting: Freeze (safe; 1% risk of failure)
Confirm with . or Enter, or press ? or * to list all spells.
Casting: Frozen Ramparts (dangerous; 6% risk of failure)
Press: ? - help, Dir - look around, f - activate The walls around you are covered in ice.
The orc hits you from afar with a +0 trident.
The wall freezes Edmund.
Edmund says, "People will remember me!
They'll remember me and die!"
Edmund hits you with a +2 dire flail of draining!
* * * LOW HITPOINT WARNING * * *
Unknown command.
Unknown command.
Unknown command.
Unknown command.
Casting: Frozen Ramparts (dangerous; 6% risk of failure)
Confirm with . or Enter, or press ? or * to list all spells.
A film of ice covers your body!
* * * LOW HITPOINT WARNING * * *
The orc completely misses you.
The wall freezes Edmund.
Edmund hits you with a +2 dire flail of draining!
* * * LOW HITPOINT WARNING * * *
Unknown command.
Unknown command.
You barely miss Edmund.
Edmund is lightly wounded.
The orc hits you from afar with a +0 trident.
You die...

.... ... ..# ..
.# ##.# #..#
##############@#
...).........@.#
............o.##
.......<.....^#
..............#
.............##
...........#.#
.............#
#...<.....#.##


You could see Edmund and an orc.

Vanquished Creatures
  2 hounds (D:3)
  Jessica (D:2)
  Robin (D:2)
  3 adders
  4 worms
  A dart slug (D:2)
  An orc (D:4)
  4 endoplasms
  9 goblins
  8 hobgoblins
  3 kobolds
  2 quokkas (D:1)
  7 ball pythons
  5 bats
  7 frilled lizards
  8 rats
66 creatures vanquished.

Notes
Turn   | Place    | Note
-------+----------+-------------------------------------------
     0 | D:1      | cdecastro the Djinni Ice Elementalist began the quest for
                  | the Orb.
     0 | D:1      | cdecastro set off with the following spells memorised:
                  | Freeze, Frozen Ramparts, Ozocubu's Armour, Summon Ice
                  | Beast.
     0 | D:1      | Reached XP level 1. HP: 15/15 MP: 0/0
   320 | D:1      | Reached XP level 2. HP: 22/22 MP: 0/0
   578 | D:1      | Reached skill level 1 in Fighting
  1034 | D:2      | Noticed Jessica
  1040 | D:2      | Killed Jessica
  1041 | D:2      | Reached XP level 3. HP: 10/27 MP: 0/0
  1041 | D:2      | Learned a level 1 spell: Kiss of Death
  1213 | D:2      | Reached XP level 4. HP: 33/33 MP: 0/0
  1277 | D:2      | Noticed Robin
  1305 | D:2      | Reached skill level 4 in Spellcasting
  1326 | D:2      | Killed Robin
  1846 | D:2      | Reached XP level 5. HP: 27/38 MP: 0/0
  1846 | D:2      | Learned a level 2 spell: Lesser Beckoning
  2354 | D:3      | Found a bloodstained altar of Trog.
  2537 | D:3      | Found Ygozi's Armour Boutique.
  2939 | D:4      | Reached XP level 6. HP: 34/42 MP: 0/0
  3003 | D:4      | Found a blossoming altar of Fedhas.
  3021 | D:4      | Noticed Edmund
  3068 | D:4      | Slain by an orc

Illustrated notes

Levels and vault maps discovered:
D:1:      dpeg_arrival_signposts, layout_loops_ring, st_stairs_3,
          minmay_pentomino_z2
D:2:      layout_loops_ring, uniq_jessica, uniq_robin
D:3:      layout_loops_ring, mainiacjoe_overflow_six_doors_small, serial_shops,
          nicolae_diamond_shop
D:4:      layout_cave_pods, mainiacjoe_overflow_chevrons,
          mainiacjoe_overflow_concentric_impassable, uniq_edmund

Skill      XL: |  1  2  3  4 |
---------------+-------------+-----
Fighting       | 1 2 |  2.9
Spellcasting   | 4 |  4.7
Dodging        | |  2.1
Stealth        | |  1.5

Action                     |  1- 3 |  4- 6 || total
---------------------------+-------+-------++-------
  Melee: Spear             |    34 |   131 ||   165
         Staff             |     1 |       ||     1
         Punch             |       |     1 ||     1
   Cast: Freeze            |    11 |    11 ||    22
         Frozen Ramparts   |       |     2 ||     2
         Kiss of Death     |       |     1 ||     1
         Ozocubu's Armour  |       |     1 ||     1
   Stab: Sleeping          |     4 |     5 ||     9
         Distracted        |     1 |       ||     1
 Armour: Robe              |     3 |    15 ||    18
  Dodge: Dodged            |    21 |    77 ||    98
